 Dungeon Crawl Stone Soup version 0.29.0-4-gdea44cf6ec (webtiles) character file.

Game seed: 7217183334440166444

343 qw the Chopper (level 6, -3/57 HPs)
             Began as a Gargoyle Berserker on Sept 6, 2022.
             Was a Believer of Trog.
             Slain by a gnoll sergeant
             ... wielding a +4 trident of venom
              (17 damage)
             ... on level 3 of the Dungeon.
             The game lasted 00:01:04 (2679 turns).

qw the Chopper (Gargoyle Berserker)                 Turns: 2679, Time: 00:01:04

Health: -3/57      AC:  9    Str: 22    XL:     6   Next: 57%
Magic:  6/6        EV: 11    Int:  8    God:    Trog [**....]
Gold:   97         SH:  0    Dex: 15    Spells: 5/5 levels left

rFire   . . .      SeeInvis .   Y - +0 hand axe
rCold   . . .      Faith    .   (no shield)
rNeg    + . .      Spirit   .   h - +0 ring mail
rPois   inf        Reflect  .   (no helmet)
rElec   +          Harm     .   (no cloak)
rCorr   .          Rampage  .   (no gloves)
Will    .....                   (no boots)
Stlth   ..........              (no amulet)
HPRegen 0.19/turn               k - +6 ring of dexterity
MPRegen 0.10/turn               (no ring)

@: berserking, very quick
A: sickness immunity, AC +4, negative energy resistance 1, electricity
resistance, torment resistance 1, petrification resistance
a: Renounce Religion, Berserk, Trog's Hand


You were on level 3 of the Dungeon.
You worshipped Trog.
Trog was pleased with you.
You visited 1 branch of the dungeon, and saw 3 of its levels.

You collected 97 gold pieces.


Innate Abilities, Weirdness & Mutations

You are immune to sickness and miasma.
Your stone body is resilient. (AC +4)
You are immune to poison.
You resist negative energy. (rN+)
You are resistant to electric shocks. (rElec)
You are resistant to unholy torment.
You are immune to petrification.


   Skills:
 - Level 4.0 Fighting
 + Level 6.2 Axes
 - Level 2.1 Armour
 - Level 1.5 Dodging


You had 5 spell levels left.
You didn't know any spells.
Your spell library was empty.

Inventory:

Hand Weapons
 j - a +0 whip
 Y - a +0 hand axe (weapon)
Armour
 h - a +0 ring mail (worn)
Jewellery
 g - a ring of ice
 k - a +6 ring of dexterity (left hand)
Scrolls
 c - a scroll of teleportation
 e - 2 scrolls of identify {unknown}
Potions
 a - a potion of degeneration {unknown}
 b - 2 potions of berserk rage {unknown}
 d - a potion of cancellation {unknown}
 f - a potion of curing
 i - a potion of might {unknown}
 l - a potion of lignification {unknown}

Dungeon Overview and Level Annotations

Branches:
Dungeon (3/15)

Altars:
Gozag


Message History

The gnoll hits you from afar with a +0 spear.
The gnoll sergeant hits you from afar with a +4 trident of venom.
You slash the orc!
You kill the orc!
Trog accepts your kill.
You closely miss the gnoll. You hit the gnoll but do no damage.
You slash the orc!
You kill the orc!
Trog accepts your kill.
You barely miss the gnoll.
The gnoll is lightly wounded.
You hit the gnoll. The gnoll hits you but does no damage.
The gnoll closely misses you. The gnoll hits you with a +0 flail.
The gnoll sergeant hits you from afar with a +4 trident of venom!
You slash the gnoll!
You kill the gnoll!
Trog accepts your kill.
You hit the gnoll. x2; You slash the orc!
You kill the orc!
Trog accepts your kill.
The gnoll hits you from afar with a +0 spear.
The gnoll hits you but does no damage.
The gnoll sergeant hits you from afar with a +4 trident of venom!
The gnoll misses you.
You barely miss the gnoll.
The gnoll is severely wounded.
You hit the gnoll.
You feel the power of Trog in you as your rage grows.
You kill the gnoll!
Trog accepts your kill.
The gnoll hits you from afar with a +0 spear.
The gnoll hits you but does no damage. The gnoll sergeant closely misses you.
You barely miss the gnoll.
The gnoll is severely wounded.
You completely miss the gnoll.
The gnoll is severely wounded.
The gnoll closely misses you. The gnoll hits you but does no damage.
The gnoll sergeant hits you from afar with a +4 trident of venom!
You die...

#######++######
...............
...............
...?.og.g......
.....og))......
##@o## #######....#
+.....'....+
#######....#
###########''''####
...................
~~~~~~~~~~~....~~~~
~~~~~~~~~~~....~~~~
~~~~~~~~~~~....~~~~


You could see a gnoll sergeant, 2 gnolls and 3 orcs.

Vanquished Creatures
  Sigmund (D:2)
  A jelly (D:3)
  5 gnolls (D:3)
  2 adders
  An adder skeleton (D:2)
  An adder zombie (D:2)
  A worm (D:2)
  10 orcs (D:3)
  9 ball pythons
  2 bat skeletons (D:2)
  4 endoplasms
  2 giant cockroaches (D:2)
  9 goblins
  2 hobgoblins
  13 jackals
  5 bats
  2 frilled lizards
  3 kobolds
  3 rats
76 creatures vanquished.

Vanquished Creatures (others)
  7 withered plants (D:2)
7 creatures vanquished.

Grand Total: 83 creatures vanquished

Notes
Turn   | Place    | Note
-------+----------+-------------------------------------------
     0 | D:1      | qw the Gargoyle Berserker began the quest for the Orb.
     0 | D:1      | Reached XP level 1. HP: 14/14 MP: 1/1
     0 | D:1      | 0 ||| qw: Version: 0.1-a-107-g9ff403c
     0 | D:1      | 0 ||| qw: Game counter: 6115
     0 | D:1      | 0 ||| qw: Always use a shield: true
     0 | D:1      | 0 ||| qw: Do Orc after D:15 true
     0 | D:1      | 0 ||| qw: Do second Lair branch before Depths: true
     0 | D:1      | 0 ||| qw: Lair rune preference: random
     0 | D:1      | 0 ||| qw: Plans: Normal
     0 | D:1      | 0 ||| PLANNING D:1-11
   125 | D:1      | Reached skill level 3 in Axes
   138 | D:1      | Reached XP level 2. HP: 14/19 MP: 2/2
   415 | D:1      | 415 ||| DROPPING +0 club.
   635 | D:1      | 635 ||| Stepping ~*~*~tactically~*~*~ (stealth).
   644 | D:1      | Reached XP level 3. HP: 21/23 MP: 3/3
   894 | D:1      | Found a faded altar of an unknown god.
  1062 | D:1      | 1062 ||| UPGRADING to +0 ring mail.
  1072 | D:1      | 1072 ||| DROPPING +0 animal skin.
  1073 | D:1      | 1073 ||| READING scroll labelled QOQ MOLOADWIN.
  1074 | D:1      | 1074 ||| READING scroll labelled HOFECWIXKO.
  1075 | D:1      | 1075 ||| READING scroll labelled YMABLUONAI.
  1076 | D:1      | 1076 ||| DRINKING 3 metallic yellow potions.
  1177 | D:1      | 1177 ||| DROPPING 2 potions of ambrosia.
  1300 | D:2      | 1300 ||| INVOKING Berserk.
  1303 | D:2      | Reached skill level 4 in Axes
  1467 | D:2      | Reached ** piety under Trog
  1469 | D:2      | 1469 ||| Stepping ~*~*~tactically~*~*~ (stealth).
  1704 | D:2      | 1704 ||| Stepping ~*~*~tactically~*~*~ (stealth).
  1705 | D:2      | 1705 ||| Stepping ~*~*~tactically~*~*~ (stealth).
  1784 | D:2      | 1784 ||| Stepping ~*~*~tactically~*~*~ (stealth).
  1834 | D:2      | Noticed Sigmund
  1835 | D:2      | 1835 ||| Stepping ~*~*~tactically~*~*~ (hiding).
  1840 | D:2      | 1840 ||| INVOKING Berserk.
  1847 | D:2      | Killed Sigmund
  1848 | D:2      | Reached skill level 5 in Axes
  1848 | D:2      | Reached XP level 4. HP: 28/28 MP: 4/4
  1848 | D:2      | Reached XP level 5. HP: 32/32 MP: 5/5
  2257 | D:2      | 2257 ||| UPGRADING to +6 ring of dexterity.
  2258 | D:2      | 2258 ||| READING scroll labelled KIYJOY HUSU.
  2262 | D:2      | 2262 ||| READING scroll labelled ATWITS GAHUW.
  2263 | D:2      | 2263 ||| READING scroll labelled YVVIR OCWYTUIQ.
  2264 | D:2      | 2264 ||| DRINKING 2 smoky golden potions.
  2265 | D:2      | 2265 ||| DRINKING 2 cyan potions.
  2266 | D:2      | 2266 ||| DROPPING potion of attraction.
  2276 | D:3      | 2276 ||| PLANNING SEWER
  2356 | D:3      | Reached XP level 6. HP: 33/37 MP: 6/6
  2534 | D:3      | Found an opulent altar of Gozag.
  2550 | D:3      | 2550 ||| Stepping ~*~*~tactically~*~*~ (hiding).
  2554 | D:3      | 2554 ||| INVOKING Berserk.
  2642 | D:3      | Reached skill level 6 in Axes
  2668 | D:3      | 2668 ||| INVOKING Berserk.
  2677 | D:3      | HP: 13/57 [gnoll/+0 spear (3)]
  2679 | D:3      | Slain by a gnoll sergeant

Levels and vault maps discovered:
D:1:      minmay_arrival_jagged, layout_rooms, basic_ecumenical_altar
D:2:      layout_basic, serial_undead, serial_undead_e, serial_undead_b,
          serial_undead_c, serial_undead_b, serial_undead_b, serial_undead_c,
          serial_undead_f, kennysheep_path_1, uniq_sigmund
D:3:      lemuel_castle_with_subvaults [lemuel_castle_interior_original],
          layout_basic, mainiacjoe_overflow_catch_the_wave,
          nicolae_overflow_two_pavilions, lightli_sewer_entry_pipes,
          minmay_pentomino_pile

Skill      XL: |  1  2  3  4  5  6 |
---------------+-------------------+-----
Axes           | 3 5 6 |  6.2
Fighting       | 4 |  4.0
Armour         | |  2.1
Dodging        | |  1.5

Action                   |  1- 3 |  4- 6 || total
-------------------------+-------+-------++-------
Melee: Hand axe          |   132 |    87 ||   219
       Punch             |       |     2 ||     2
Invok: Berserk           |     2 |     2 ||     4
  Use: Scroll            |     3 |     3 ||     6
       Potion            |     1 |     2 ||     3
Armor: Animal skin       |    38 |       ||    38
       Ring mail         |    22 |    40 ||    62
Dodge: Dodged            |    93 |    41 ||   134

Table legend:
 A = Non-vault XP
 B = Vault XP
 C = Vault XP percentage of total XP
 D = Non-vault monster count
 E = Vault monster count
 F = Vault count percentage of total count
                 A         B        C        D         E       F
            +---------+---------+-------+---------+---------+-------
      Total |     138 |     353 |  71.9 |      49 |      27 |  35.5
            +---------+---------+-------+---------+---------+-------
        D:1 |      43 |       0 |   0.0 |      25 |       0 |   0.0
        D:2 |      42 |     228 |  84.4 |      16 |       5 |  23.8
        D:3 |      53 |     125 |  70.2 |       8 |      22 |  73.3
            +---------+---------+-------+---------+---------+-------
